 Dungeon Crawl Stone Soup version 0.20.1-1-g8b1a95d (webtiles) character file.

85 Jerry the Chopper (level 4, 0/35 HPs)
             Began as a Hill Orc Chaos Knight on Oct 20, 2017.
             Slain by a fire bat (8 damage)
             ... on level 3 of the Dungeon.
             The game lasted 00:06:38 (2646 turns).

Jerry the Chopper (Hill Orc Chaos Knight)           Turns: 2646, Time: 00:06:39

Health: 0/35       AC:  5    Str: 15    XL:     4   Next: 48%
Magic:  4/4        EV: 11    Int: 12    God:    Xom [*.....]
Gold:   69         SH:  0    Dex: 10    Spells: 3/3 levels left

rFire    . . .     SeeInvis .   a - +0 hand axe (chaos)
rCold    . . .     Gourm    .   (no shield)
rNeg     . . .     Faith    .   b - +2 leather armour
rPois    .         Spirit   .   (no helmet)
rElec    .         Reflect  .   (no cloak)
rCorr    .         Harm     .   (no gloves)
MR       .....     Clarity  +   (no boots)
Stlth    +++.......             (no amulet)
Regen    0.2/turn               e - ring of flight
MPRegen  0.1/turn               (no ring)

@: especially stealthy
A: clarity, frail 1, wild magic 1, MP-powered wands
a: Renounce Religion, Evoke Flight


You were on level 3 of the Dungeon.
You worshipped Xom.
You were a special plaything of Xom.
You were hungry.

You visited 1 branch of the dungeon, and saw 3 of its levels.

You collected 69 gold pieces.

Inventory:

Hand Weapons
 a - a +0 hand axe of chaos (weapon)
Armour
 b - a +2 leather armour (worn)
Jewellery
 e - a ring of flight (left hand)
Scrolls
 d - 2 scrolls of identify {unknown}
 f - a scroll of fear {unknown}
 k - a scroll of fog {unknown}
 o - a scroll of enchant armour {unknown}
 p - a scroll of immolation {unknown}
 s - a scroll of teleportation {unknown}
Potions
 g - 3 potions of might {unknown}
 h - a potion of lignification {unknown}
 i - 2 potions of mutation {unknown}
 l - a potion of curing {unknown}
 n - a potion of haste {unknown}
 r - a potion of degeneration {unknown}
 t - a potion of brilliance {unknown}
Comestibles
 c - 2 bread rations
 j - 2 meat rations
 m - 2 fruits
 q - 7 chunks of flesh


   Skills:
 - Level 3.6 Fighting
 + Level 5.6 Axes
 + Level 3.7 Armour
 - Level 0.7 Dodging


You had 3 spell levels left.
You didn't know any spells.

Dungeon Overview and Level Annotations

Branches:
Dungeon (3/15)

Altars:
Sif Muna


Innate Abilities, Weirdness & Mutations

You possess an exceptional clarity of mind.
You are frail. (-10% HP)
Your spells are a little harder to cast, but a little more powerful.
You expend magic power (3 MP) to strengthen your wands.


Message History

You hit the worm.
The worm evaporates and reforms as a fire bat!
The fire bat bites you.
You are engulfed in flames!
The fire bat bites you.
You are engulfed in flames!
The fire bat closely misses you.
You are too injured to fight recklessly!
You are too injured to fight recklessly!
You hit the fire bat but do no damage.
The fire bat bites you but does no damage. x2
You closely miss the fire bat. The fire bat misses you. x2
The fire bat closely misses you.
You hit the fire bat.
The fire bat is lightly wounded.
The fire bat barely misses you.
You hit the fire bat.
You feel better.
The fire bat is moderately wounded.
The fire bat bites you.
You are engulfed in flames.
The fire bat bites you.
* * * LOW HITPOINT WARNING * * *
You are engulfed in flames!
You die...
Xom giggles madly!

###
#.#####.#
#...b.#.#
#@#<#
#.#.#
###'#'####
#........#
#..<..(..#
#........#
#........#
#.#+#.####
#. #.#


You could see a fire bat.

Vanquished Creatures
  3 adders (D:2)
  An ooze (D:2)
  2 worms (D:2)
  A dart slug (D:1)
  2 leopard geckos
  5 giant cockroaches
  2 goblins (D:2)
  4 hobgoblins
  3 jackals (D:2)
  8 kobolds (D:2)
  A quokka (D:2)
  7 bats
  3 frilled lizards
  A rat (D:1)
43 creatures vanquished.

Notes
Turn   | Place    | Note
-------+----------+-------------------------------------------
     0 | D:1      | Jerry the Hill Orc Chaos Knight began the quest for the Orb.
     0 | D:1      | Reached XP level 1. HP: 19/19 MP: 1/1
   470 | D:1      | Reached XP level 2. HP: 26/26 MP: 2/2
   640 | D:1      | XOM: 2-stop teleportation journey
   940 | D:1      | XOM: summons 1 hostile demon
   941 | D:1      | Noticed a red devil
   941 | D:1      | XOM: butterfly on damage
  1165 | D:1      | XOM: harmless Chrm miscast
  1257 | D:2      | XOM: give mutations
  1257 | D:2      | Gained mutation: You are frail. (-10% HP) [Xom's mischief]
  1257 | D:2      | Gained mutation: Your spells are a little harder to cast, but a little more powerful. [Xom's mischief]
  1257 | D:2      | Gained mutation: You are weak. (Str -2) [Xom's mischief]
  1258 | D:2      | Reached XP level 3. HP: 18/27 MP: 3/3
  1391 | D:2      | XOM: give mutation
  1391 | D:2      | Gained mutation: You possess an exceptional clarity of mind. [Xom's mischief]
  1508 | D:2      | Reached skill level 5 in Axes
  1514 | D:2      | XOM: give mutation
  1514 | D:2      | Gained mutation: You expend magic power (3 MP) to strengthen your wands. [Xom's mischief]
  1681 | D:2      | XOM: harmless Erth miscast
  2014 | D:2      | Reached XP level 4. HP: 21/35 MP: 4/4
  2191 | D:2      | XOM: give mutation
  2191 | D:2      | Lost mutation: You are weak. (Str -2) [Xom's mischief]
  2227 | D:2      | XOM: 1-stop teleportation journey
  2490 | D:2      | Found a deep blue altar of Sif Muna.
  2625 | D:3      | XOM: stealth player
  2642 | D:3      | Noticed a fire bat
  2642 | D:3      | a worm changed into a fire bat
  2646 | D:3      | Slain by a fire bat

Skill      XL: |  1  2  3 |
---------------+----------+-----
Armour         | 3 |  3.7
Axes           | 5 |  5.6
Fighting       | |  3.6
Dodging        | |  0.7

Action                   |  1- 3 |  4- 6 || total
-------------------------+-------+-------++-------
Melee: Hand axe          |   101 |    55 ||   156
 Stab: Sleeping          |       |     1 ||     1
  Eat: Chunk             |     3 |     2 ||     5
Armor: Leather armour    |    52 |    22 ||    74
Dodge: Dodged            |    93 |    40 ||   133
